 Dungeon Crawl Stone Soup version 0.25.1-2-g60ff931df9 (webtiles) character file.

Game seed: 12229317171897861502

1390 urbino23 the Magician (level 8, 0/41 HPs)
             Began as a Deep Elf Fire Elementalist on Oct 12, 2020.
             Was a Follower of Vehumet.
             Succumbed to a scorpion's poison
             ... on level 5 of the Dungeon.
             The game lasted 00:38:39 (9602 turns).

urbino23 the Magician (Deep Elf Fire Elementalist)  Turns: 9602, Time: 00:38:40

Health: 0/41       AC:  3    Str:  6 (7)  XL:     8   Next: 40%
Magic:  20/21      EV: 14    Int: 20 (21) God:    Vehumet [*.....]
Gold:   254        SH:  0    Dex: 14 (17) Spells: 15/22 levels left

rFire    + . .     SeeInvis .   a - +1 dagger (freeze)
rCold    + . .     Gourm    .   (no shield)
rNeg     . . .     Faith    .   x - +0 robe
rPois    .         Spirit   .   C - +1 hat
rElec    .         Reflect  .   (no cloak)
rCorr    .         Harm     .   (no gloves)
MR       .....                  (no boots)
Stlth    +++.......             (no amulet)
HPRegen  0.13/turn              z - ring of protection from cold
MPRegen  0.17/turn              r - ring of protection from fire (curse)

@: lethally poisoned (0 -> -4)
A: thin skeletal structure 1, no potion heal 1
a: Renounce Religion


You were on level 5 of the Dungeon.
You worshipped Vehumet.
Vehumet was aware of your devotion.
You were hungry.

You visited 2 branches of the dungeon, and saw 7 of its levels.

You collected 254 gold pieces.

Inventory:

Hand Weapons
 a - a +1 dagger of freezing (weapon)
 b - a +1 hunting sling
Missiles
 f - 37 sling bullets
 l - 83 stones (quivered)
Armour
 d - a +0 ring mail
 p - a +0 leather armour
 x - a +0 robe (worn)
 C - a +1 hat (worn)
Magical Staves
 E - an uncursed staff of summoning
Jewellery
 r - a cursed ring of protection from fire (right hand)
 z - a ring of protection from cold (left hand)
Wands
 j - a wand of enslavement (8)
 n - a wand of disintegration (15)
 u - a wand of acid (3)
 D - a wand of flame (19)
 G - a wand of random effects (18)
Scrolls
 k - a scroll of amnesia
 o - a scroll of fog
 s - a scroll of blinking
 v - 3 scrolls of remove curse
 w - a scroll of teleportation
 y - a scroll of magic mapping
 B - a scroll of fear
Potions
 m - a potion of might
 t - 3 potions of brilliance
Comestibles
 c - 6 rations


   Skills:
 + Level 3.3 Slings
 - Level 4.3 Dodging
 - Level 2.4 Stealth
 + Level 7.6 Spellcasting
 - Level 5.0 Conjurations
 + Level 6.7 Fire Magic


You had 15 spell levels left.
You knew the following spells:

 Your Spells              Type           Power        Failure   Level  Hunger
a - Foxfire               Conj/Fire      ####         1%          1    None
b - Conjure Flame         Conj/Fire      ####....     2%          3    None
c - Inner Flame           Hex/Fire       ###.....     7%          3    None

Your spell library contained the following spells:

 Spells                   Type           Power        Failure   Level  Hunger
 Shock                    Conj/Air       ###.         3%          1    None
 Sticky Flame             Conj/Fire      ####....     8%          4    ###....
 Fireball                 Conj/Fire      ####......   22%         5    #####..


Dungeon Overview and Level Annotations

Branches:
Dungeon (6/15)             Temple (1/1) D:6

Altars:
Cheibriados
Dithmenos
Fedhas
Gozag
Kikubaaqudgha
Nemelex Xobeh
Qazlal
Ru
Uskayaw
Vehumet
Wu Jian
Xom
Yredelemnul


Innate Abilities, Weirdness & Mutations

You have a somewhat thin skeletal structure. (Dex +2, Stealth)
Potions are less effective at restoring your health.


Message History

* * * LOW HITPOINT WARNING * * *
You feel sick.
It was a potion of flight.
You feel very buoyant.
You fly up into the air.
It was a potion of stabbing.
You feel ready to backstab.
There is a lethal amount of poison in your body!
There is a lethal amount of poison in your body!
There is a lethal amount of poison in your body!
Okay, then.
Quiver which item? (- for none, * to show all) (? for menu, Esc to quit)
Okay, then.
You feel very mighty all of a sudden.
Your magical effects are unravelling.
You feel magically purged.
You feel yourself slow down.
You float gracefully downwards.
You feel a little less mighty now.
You feel less ready to backstab.
You die...

#........##.................#
####.###.........##########.# #.#
####.##.### ##.# #.######.##.#
#..# #........##.# #.##
#.#########'## #.# #.# ##...##
####.#### ###.# ##.....##
#.......# #...## ##...@...##
#..#.##.#
####....####.........####.......#
...........'.........'.......#..#
#.......####.........####.......#
#.##.#..# ##.......## ##.##.###
#.##.##.# ##.....## ####[#
#.##.##.# ##...## #.# #<##.##.#
##'## #.# #.##.##.########.# #.#


There were no monsters in sight!

Vanquished Creatures
  Menkaure (D:5)
  A sky beast (D:5)
  An ogre (D:6)
  A centaur (D:5)
  5 scorpions
  A crimson imp (D:5)
  2 hounds
  An orc priest (D:4)
  A centaur zombie (D:5)
  A jelly (D:6)
  3 orc wizards
  A bullfrog skeleton (D:6)
  An iguana (D:4)
  Jessica (D:2)
  4 worker ants
  2 worker ant zombies
  3 gnolls (D:4)
  13 adders
  4 oozes
  A worm (D:2)
  An adder skeleton (D:4)
  5 dart slugs
  8 leopard geckos
  10 orcs
  3 ball pythons
  6 bats
  5 giant cockroaches
  4 goblins
  6 hobgoblins
  11 jackals
  3 quokkas
  4 frilled lizards
  A giant cockroach zombie (D:6)
  6 kobolds
  2 leopard gecko skeletons (D:4)
  2 quokka skeletons (D:6)
  9 rats
134 creatures vanquished.

Vanquished Creatures (others)
  A human (D:3)
  386 foxfires
387 creatures vanquished.

Grand Total: 521 creatures vanquished

Notes
Turn   | Place    | Note
-------+----------+-------------------------------------------
     0 | D:1      | urbino23 the Deep Elf Fire Elementalist began the quest for
                  | the Orb.
     0 | D:1      | Reached XP level 1. HP: 10/10 MP: 6/6
   125 | D:1      | Reached XP level 2. HP: 10/15 MP: 5/8
   532 | D:1      | Reached XP level 3. HP: 19/19 MP: 8/10
   977 | D:2      | Learned a level 3 spell: Conjure Flame
   981 | D:2      | Learned a level 3 spell: Inner Flame
  1269 | D:2      | Noticed a scorpion
  1291 | D:2      | Killed a scorpion
  1291 | D:2      | Reached skill level 4 in Spellcasting
  1291 | D:2      | Reached XP level 4. HP: 24/24 MP: 1/12
  1668 | D:2      | Reached XP level 5. HP: 24/28 MP: 10/13
  2467 | D:2      | Noticed Jessica
  2473 | D:2      | Killed Jessica
  2983 | D:3      | Reached XP level 6. HP: 32/32 MP: 7/15
  3876 | D:3      | Reached skill level 5 in Spellcasting
  4232 | D:3      | Found a faded altar of an unknown god.
  4284 | D:3      | Found an ancient bone altar of Kikubaaqudgha.
  4287 | D:3      | Noticed a human
  4288 | D:3      | Killed a human
  4868 | D:4      | Reached skill level 1 in Slings
  4868 | D:4      | Reached skill level 5 in Fire Magic
  5260 | D:4      | Reached XP level 7. HP: 36/36 MP: 13/17
  5927 | D:4      | You fall into a shaft and drop 2 floors!
  5962 | D:6      | Found a staircase to the Ecumenical Temple.
  5978 | Temple   | Entered the Ecumenical Temple
  6021 | Temple   | Became a worshipper of Vehumet
  6077 | D:5      | Entered Level 5 of the Dungeon
  6083 | D:5      | Reached skill level 6 in Spellcasting
  6347 | D:4      | You fall into a shaft and drop 2 floors!
  7662 | D:5      | Noticed Menkaure
  7675 | D:5      | Killed Menkaure
  7675 | D:5      | Reached skill level 5 in Conjurations
  7675 | D:5      | Reached XP level 8. HP: 41/41 MP: 13/20
  7905 | D:5      | Found a sparkling altar of Nemelex Xobeh.
  7966 | D:5      | Gained mutation: You have a somewhat thin skeletal
                  | structure. (Dex +2, Stealth) [mutagenic glow]
  7991 | D:5      | Gained mutation: Potions are less effective at restoring
                  | your health. [mutagenic glow]
  8277 | D:5      | Reached skill level 7 in Spellcasting
  9038 | D:6      | Reached * piety under Vehumet
  9038 | D:6      | Offered knowledge of Shock by Vehumet.
  9595 | D:6      | HP: 2/41 [poisoned by a scorpion]
  9602 | D:5      | Succumbed to a scorpion's poison

Illustrated notes

Levels and vault maps discovered:
D:1:      dpeg_arrival_long_road, layout_basic, serial_glass, glass_columns_a,
          glass_columns_a
D:2:      layout_basic, kennysheep_minor_cross, uniq_jessica
D:3:      layout_loops_corners, chequers_ecumenical_altar_grove,
          tgw_kikubaaqudgha
D:4:      layout_loops_ring, serial_shops, kennysheep_little_box
D:5:      layout_loops_corners, kennysheep_mini, first_ration, uniq_menkaure
D:6:      layout_loops_ring, minmay_overflow_temple_hex,
          minmay_temple_entry_large_hall, minmay_joined_circles
Temple:   eino_narrow_crystal_temple

Skill      XL: |  1  2  3  4  5  6  7  8 |
---------------+-------------------------+-----
Dodging        | 3 4 |  4.3
Conjurations   | 2 3 4 5 |  5.0
Spellcasting   | 4 5 6 7 |  7.6
Fire Magic     | 4 5 6 |  6.7
Slings         | 1 2 3 |  3.3
Stealth        | |  2.4

Action                   |  1- 3 |  4- 6 |  7- 9 || total
-------------------------+-------+-------+-------++-------
Melee: Club              |     2 |    33 |       ||    35
       Dagger            |       |       |   114 ||   114
 Fire: Hunting sling     |       |    45 |    83 ||   128
Throw: Stone             |       |     7 |     2 ||     9
 Cast: Foxfire           |    66 |   105 |   128 ||   299
       Conjure Flame     |     1 |    13 |    17 ||    31
Evoke: Wand              |       |       |     1 ||     1
  Use: Potion            |       |       |    10 ||    10
       Scroll            |       |       |    15 ||    15
 Stab: Sleeping          |       |     5 |       ||     5
  Eat: Chunk             |     1 |     9 |     3 ||    13
       Ration            |       |     1 |     3 ||     4
Armor: Robe              |     2 |    10 |    29 ||    41
Dodge: Dodged            |    15 |    53 |   139 ||   207
